 Dungeon Crawl Stone Soup version 0.26.1-11-gd32895ea62 (webtiles) character file.

Game seed: 5639910962323614876

5533 dtburroughs the Cleaver (level 10, -3/91 HPs)
             Began as a Minotaur Berserker on July 9, 2021.
             Was an Elder of Trog.
             Slain by a basilisk (11 damage)
             ... on level 9 of the Dungeon.
             The game lasted 00:19:09 (7786 turns).

dtburroughs the Cleaver (Minotaur Berserker)        Turns: 7786, Time: 00:19:09

Health: -3/91      AC: 18    Str: 21    XL:     10   Next: 43%
Magic:  9/9        EV: 10    Int:  7    God:    Trog [****..]
Gold:   760        SH:  0    Dex: 11    Spells: 9/9 levels left

rFire    . . .     SeeInvis .   D - +0 broad axe
rCold    . . .     Faith    .   (no shield)
rNeg     . . .     Spirit   .   c - +0 plate armour
rPois    .         Reflect  .   (helmet restricted)
rElec    .         Harm     .   x - +2 cloak {Will+}
rCorr    .         Rampage  .   (no gloves)
Will     ++++.                  u - +0 pair of boots
Stlth    ..........             (no amulet)
HPRegen  1.25/turn              o - ring of willpower
MPRegen  0.11/turn              (no ring)

@: lethally poisoned (-3 -> -4), regenerating
A: retaliatory headbutt, horns 2
a: Renounce Religion, Berserk, Trog's Hand, Brothers in Arms


You were on level 9 of the Dungeon.
You worshipped Trog.
Trog was greatly pleased with you.
You visited 1 branch of the dungeon, and saw 9 of its levels.
You also visited: Bailey.

You collected 760 gold pieces.

Inventory:

Hand Weapons
 k - a +2 vorpal hand axe
 C - a +0 war axe
 D - a +0 broad axe (weapon)
Armour
 c - a +0 plate armour (worn)
 e - +0 fire dragon scales
 u - a +0 pair of boots (worn)
 x - a +2 cloak of willpower (worn)
 F - a +0 crystal plate armour
Jewellery
 o - a ring of willpower (left hand)
Wands
 d - a wand of flame (14)
 p - a wand of disintegration (11)
Scrolls
 b - a scroll of summoning {unknown}
 f - 7 scrolls of teleportation
 g - 3 scrolls of immolation
 h - 2 scrolls of enchant weapon
 i - 4 scrolls of remove curse
 j - 4 scrolls of blinking
 q - 2 scrolls of enchant armour
 v - 2 scrolls of noise {unknown}
 y - a scroll of magic mapping {unknown}
Potions
 a - 2 potions of haste
 l - a potion of invisibility
 m - 2 potions of heal wounds {unknown}
 r - a potion of might
 s - 2 potions of attraction {unknown}
 t - 2 potions of curing {unknown}
 w - 3 potions of lignification
 z - a potion of mutation {unknown}
 A - a potion of flight
Miscellaneous
 E - a phial of floods


   Skills:
 + Level 9.2 Fighting
 + Level 9.2 Axes
 + Level 8.8 Armour
 + Level 8.1 Dodging
 + Level 6.1 Evocations


You had 9 spell levels left.
You didn't know any spells.
Your spell library was empty.

Dungeon Overview and Level Annotations

Branches:
Dungeon (9/15)             Temple (0/1) D:7          Bailey (visited)
   Lair: D:8-11         Orc: D:9-12

Altars:
Cheibriados
Fedhas
Hepliaklqana
Nemelex Xobeh
Okawaru
Qazlal
Wu Jian
Xom
The Shining One


Innate Abilities, Weirdness & Mutations

You reflexively headbutt those who attack you in melee.
You have a pair of horns on your head.


Message History

The basilisk is moderately wounded.
You miss the water moccasin.
You feel sick.
The water moccasin bites you but does no damage.
The basilisk gazes at you. You resist with almost no effort.
The water moccasin barely misses you. The basilisk bites you!
* * * LOW HITPOINT WARNING * * *
You slash the water moccasin!
The water moccasin is almost dead.
You barely miss the basilisk.
You feel sick. The water moccasin bites you.
* * * LOW HITPOINT WARNING * * *
The basilisk closely misses you. The water moccasin misses you.
You furiously retaliate!
You headbutt the water moccasin, but do no damage.
You miss the water moccasin.
The water moccasin is almost dead.
You hit the basilisk.
You feel sick.
The water moccasin bites you but does no damage.
The basilisk bites you!
You die...

#########+#
#.......... +####
#.......... ......
#..<.......
.....>##....<.....
.......#.........>
.......@S.........
#....P##l..[......
..... .##+#######
..P. .l ... .O♣ P.
... . ♣...


You could see a basilisk and a water moccasin.

Vanquished Creatures
  3 orc knights (Bailey)
  Grinder (D:4)
  3 wyverns
  A basilisk (D:8)
  A water moccasin (D:9)
  Duvessa (D:4)
  A black bear (D:9)
  5 orc warriors (Bailey)
  4 ice beasts
  2 phantoms
  A necrophage (D:8)
  3 wolves (D:8)
  2 centaurs
  2 bullfrogs
  Blork the orc (D:4)
  A gnoll sergeant (D:7)
  Dowan (D:4)
  3 scorpions
  3 howler monkeys (D:7)
  A bullfrog zombie (D:6)
  3 hounds
  Crazy Yiuf (D:4)
  4 orc priests
  6 orc wizards
  Natasha (thrice) (D:3)
  3 iguanas
  4 worker ants
  A hound zombie (D:7)
  14 gnolls
  7 adders
  3 shadow imps
  2 ufetubi (D:7)
  2 oozes
  An adder skeleton (D:4)
  4 dart slugs
  2 leopard geckos
  20 orcs
  4 giant cockroaches
  12 goblins
  5 hobgoblins
  19 jackals
  4 quokkas
  7 bats
  5 frilled lizards
  16 kobolds
  A quokka zombie (D:5)
  5 rats
198 creatures vanquished.

Vanquished Creatures (others)
  2 fungi (D:9)
  12 plants
14 creatures vanquished.

Grand Total: 212 creatures vanquished

Notes
Turn   | Place    | Note
-------+----------+-------------------------------------------
     0 | D:1      | dtburroughs the Minotaur Berserker began the quest for the
                  | Orb.
     0 | D:1      | Reached XP level 1. HP: 19/19 MP: 0/0
   154 | D:1      | Reached XP level 2. HP: 26/27 MP: 1/1
   516 | D:2      | Reached XP level 3. HP: 33/33 MP: 2/2
   885 | D:2      | Reached ** piety under Trog
  1273 | D:3      | Reached XP level 4. HP: 40/40 MP: 3/3
  1332 | D:3      | Noticed Natasha
  1337 | D:3      | Killed Natasha
  1678 | D:3      | Noticed Natasha
  1685 | D:3      | Killed Natasha
  1787 | D:3      | Noticed Natasha
  1794 | D:3      | Killed Natasha
  1795 | D:3      | Reached XP level 5. HP: 43/47 MP: 4/4
  1801 | D:4      | Found a stormy altar of Qazlal.
  1855 | D:4      | Reached skill level 1 in Evocations
  2271 | D:4      | Noticed Grinder
  2298 | D:4      | Killed Grinder
  2299 | D:4      | Reached skill level 5 in Fighting
  2299 | D:4      | Reached skill level 5 in Axes
  2299 | D:4      | Reached XP level 6. HP: 15/56 MP: 5/5
  2946 | D:4      | Noticed Blork the orc
  2962 | D:4      | Killed Blork the orc
  2963 | D:4      | Reached XP level 7. HP: 43/61 MP: 6/6
  3054 | D:4      | Noticed Dowan
  3055 | D:4      | Noticed Duvessa
  3085 | D:4      | Killed Duvessa
  3086 | D:4      | Reached skill level 5 in Armour
  3095 | D:4      | Killed Dowan
  3495 | D:4      | Found a runed translucent door.
  3496 | D:4      | Noticed Crazy Yiuf
  3508 | D:4      | Killed Crazy Yiuf
  3639 | D:4      | Found an ornate altar of the Wu Jian Council.
  3704 | D:5      | Entered Level 5 of the Dungeon
  4023 | D:5      | Reached skill level 5 in Dodging
  4141 | D:5      | Reached XP level 8. HP: 69/70 MP: 7/7
  4573 | D:5      | Found an iron altar of Okawaru.
  4596 | D:5      | Reached *** piety under Trog
  4849 | D:5      | Found a blossoming altar of Fedhas.
  4866 | D:5      | Found a shimmering altar of Xom.
  4866 | D:5      | Found a shimmering altar of Xom.
  4868 | D:5      | Found a sparkling altar of Nemelex Xobeh.
  4868 | D:5      | Found a snail-covered altar of Cheibriados.
  4868 | D:5      | Found a glowing golden altar of the Shining One.
  5347 | D:6      | Found a blossoming altar of Fedhas.
  5444 | D:6      | Reached XP level 9. HP: 78/79 MP: 8/8
  5834 | D:7      | Found a hazy altar of Hepliaklqana.
  6041 | D:7      | Found a staircase to the Ecumenical Temple.
  6057 | D:7      | Found a flagged portal.
  6063 | D:7      | Reached **** piety under Trog
  6090 | Bailey   | Entered a bailey
  6096 | Bailey   | Noticed an orc knight
  6097 | Bailey   | Noticed an orc knight
  6153 | Bailey   | Noticed an orc knight
  6185 | Bailey   | Killed an orc knight
  6193 | Bailey   | Reached skill level 5 in Evocations
  6281 | Bailey   | Killed an orc knight
  6351 | Bailey   | Identified the +5 leather armour of Atso {*Corrode rPois
                  | rF- Slay+5}
  6536 | Bailey   | Killed an orc knight
  6537 | Bailey   | Reached XP level 10. HP: 90/90 MP: 9/9
  7786 | D:9      | Slain by a basilisk

Illustrated notes

Levels and vault maps discovered:
D:1:      dpeg_arrival_arbitrary_b, layout_basic, corexii_corridor_pit
D:2:      layout_basic
D:3:      layout_rooms, uniq_natasha
D:4:      layout_cave_pods, marbit_many_paths, overflow_temple_1_default,
          serial_bayou_lagoon_b, uniq_duvessa, uniq_crazy_yiuf_cottage,
          uniq_grinder, uniq_blork_the_orc
D:5:      layout_loops_ring, okawaru_altar_gauntlet_db, doesnt_xom_only_xom
D:6:      layout_rooms, nicolae_overflow_hidden_temple
D:7:      layout_basic, nzn_hepliaklqana_mist_gate,
          minmay_temple_entry_crystal_x, lightli_bailey_entry_fortress
D:8:      minmay_diamond_stairs, layout_loops_ring, general_overflow_altar
D:9:      layout_roguey, minmay_lair_entry_grove,
          kennysheep_orc_monster_closet_entryway, serial_shops, shop,
          serial_park_tiny_1

Skill      XL: |  1  2  3  4  5  6  7  8  9 10 |
---------------+-------------------------------+-----
Fighting       | 4 5 6 7 8 9 |  9.2
Axes           | 4 5 6 7 8 9 |  9.2
Armour         | 3 4 5 6 8 |  8.8
Dodging        | 3 4 5 6 7 8 |  8.1
Evocations     | 2 3 4 5 6 |  6.1

Action                   |  1- 3 |  4- 6 |  7- 9 | 10-12 || total
-------------------------+-------+-------+-------+-------++-------
Melee: Hand axe          |    71 |    98 |   469 |       ||   638
       Headbutt          |    10 |    16 |   100 |    17 ||   143
       Broad axe         |       |       |     8 |   113 ||   121
Invok: Trog's Hand       |     1 |     2 |     9 |     1 ||    13
       Berserk           |       |     1 |     2 |       ||     3
Evoke: Wand              |       |       |       |     1 ||     1
  Use: Scroll            |       |       |     8 |     4 ||    12
       Potion            |       |       |     2 |     1 ||     3
Armor: Plate armour      |    57 |    78 |   319 |    92 ||   546
       Animal skin       |     2 |       |       |       ||     2
       Fire dragon scale |       |       |     4 |       ||     4
Dodge: Dodged            |    34 |    37 |   213 |    73 ||   357
